AoeStats
← Kompromist

Arena

509924532Analyzed
2v2 RM · 2d ago on Sep 28, 2026· 27m 3s· 4 players
Game mode
Random Map
Map size
Medium (4 player)
Population
200
Speed
Normal
Resources
Standard
Victory
Conquest
Starting age
Dark Age
Ending age
Imperial Age
RankedLock teamsTeams togetherTeam positionsShared explorationLock speedFull tech treeHidden civsTurbo modeCheats
Victory
Defeat
🇪🇸 Teutons · Spain
1338
+16
🇪🇸 Franks · Spain
1222
+21
🇺🇸 Cumans · United States
1365
-20
🇩🇪 Goths · Germany
1307
-17
Coronerix
10:51 Feudal Age
11:42 Double-Bit Axe
15:33 Castle Age
15:11 Scale Barding Armor
21:05 Loom
23:26 Wheelbarrow
25:20 Chain Barding Armor
25:28 Husbandry
27:50 Forging
KinomtheKaiser
5:44 Loom
8:26 Feudal Age
10:14 Double-Bit Axe
14:06 Fletching
22:48 Castle Age
20:33 Horse Collar
20:44 Gold Mining
23:29 Bodkin Arrow
24:19 Wheelbarrow
24:03 Bow Saw
25:20 Town Watch
25:36 Guard Tower
dl_cucga
8:35 Feudal Age
9:32 Double-Bit Axe
10:01 Loom
14:02 Fletching
27:47 Castle Age
Kompromist
10:26 Feudal Age
11:06 Loom
10:57 Man-at-Arms
14:55 Castle Age
13:48 Double-Bit Axe
14:35 Scale Mail Armor
17:25 Loom
17:52 Horse Collar
19:34 Forging
19:59 Pikeman
22:09 Town Watch
23:18 Squires
24:25 Chain Mail Armor
27:30 Iron Casting
Connection lost

Rejoining the realm…

Still unreachable

The connection could not be restored.

Session expired

The server has moved on; the page needs a fresh start.